[Event "*** Titled Tuesday Blitz"]
[Site "Chess.com"]
[Date "2020.10.27"]
[Round "9"]
[White "andrzej"]
[Black "GrafLermontov"]
[Result "0-1"]
[WhiteElo "2300"]
[BlackElo "2465"]
[TimeControl "180+1"]
[EndTime "11:46:08 PDT"]
[Termination "GrafLermontov won by checkmate"]

1. e4 c6 2. d4 d5 3. exd5 cxd5 4. Bd3 Nc6 5. c3 Nf6 6. Bf4 g6 7. Nf3 Bg7 8. O-O O-O 9. Re1 Bf5 10. Bf1 Rc8 11.
Nbd2 Ne4 12. Nxe4 Bxe4 13. h3 Qb6 14. Ng5 Bf5 15. Qe2 h6 16. Nf3 Kh7 17. Rad1 Rfe8 18.
Qd2 Be4 19. Nh2 Bf5 20. Nf3 Rcd8 21. Ne5 Nxe5 22. Bxe5 a6 23. Bxg7 Kxg7 24. Re3 Qd6 25. Rde1 b5 26. Qe2 Rd7 27. Re5 f6 28. Re3 Rc7 29.
f3 Bc8 30. Qf2 e6 31. f4 Rce7 32. g4 Bd7 33. Bg2 a5 34. Rf1 b4 35. g5 hxg5 36.
fxg5 f5 37. h4 e5 38. dxe5 Rxe5 39. Rfe1 bxc3 40. Rxe5 Rxe5 41. Qd4 c2 42. Qxe5+ Qxe5 43. Rxe5 c1=Q+ 44. Kh2 Qf4+ 45. Kh1 Qxe5 46. Kg1 d4 47.
Kh1 d3 48. Kg1 d2 49. Kh1 d1=Q+ 50. Bf1 Qxf1# 0-1

[Event "*** Titled Tuesday Blitz"]
[Site "Chess.com"]
[Date "2020.10.27"]
[Round "9"]
[White "JoachimMouhamad"]
[Black "juancruzarias"]
[Result "0-1"]
[WhiteElo "2324"]
[BlackElo "2532"]
[TimeControl "180+1"]
[EndTime "11:46:09 PDT"]
[Termination "juancruzarias won on time"]

1. e4 c5 2. Nf3 d6 3. d4 cxd4 4. Nxd4 Nf6 5. Nc3 Nc6 6. Bg5 e6 7. Qd2 a6 8. O-O-O Bd7 9. Kb1 b5 10. f3 h6 11. Be3 Be7 12. g4 Ne5 13. Rg1 Rc8 14. h4 b4 15. Nce2 Nc4 16. Qc1 Nxe3 17.
Qxe3 g5 18. h5 Qb6 19. Qd2 a5 20. Nc1 e5 21. Nde2 O-O 22. Rg2 Be6 23. Ng3 Rfd8 24. Bd3 a4 25. Nf5 Bf8 26. Rdg1 d5 27. exd5 Nxd5 28.
Ka1 a3 29. b3 Nf4 30. Rg3 Bxf5 31. gxf5 Bg7 32. Kb1 e4 33. fxe4 Qf6 34. c3 Rxc3 35.
Re1 Qe5 36. Rge3 Bf6 37. Rf3 Kh8 38. Rfe3 Kg7 39. Rf3 Nxd3 40. Rxd3 Rxc1+ 41. Kxc1 Qa1+ 42. Kc2 Qxa2+ 43. Kd1 Qxd2+ 44. Kxd2 Rxd3+ 45. Kxd3 a2 46. Kc4 a1=Q 47. Rxa1 Bxa1 48. Kxb4 g4 0-1

[Event "*** Titled Tuesday Blitz"]
[Site "Chess.com"]
[Date "2020.10.27"]
[Round "9"]
[White "Cocaino74"]
[Black "tylityli"]
[Result "0-1"]
[WhiteElo "2365"]
[BlackElo "2245"]
[TimeControl "180+1"]
[EndTime "11:46:09 PDT"]
[Termination "tylityli won by resignation"]

1. a4 d5 2. Ra3 Nf6 3. Rg3 Ne4 4. Rf3 Bg4 5. Rf4 Bh5 6. Nc3 Bg6 7. Nxe4 dxe4 8. d4 e6 9. e3 Bd6 10. Rg4 Bh5 11.
Bb5+ c6 12. Bc4 f5 13. h3 fxg4 14. hxg4 Bf7 15. Nh3 Nd7 16. Nf4 Qe7 17. Ne2 Nb6 18. Bb3 Nd5 19. c4 Nb4 20. Kf1 O-O-O 21. Bd2 e5 22. c5 Bxb3 23. Qxb3 Bxc5 24. dxc5 Rxd2 25.
Nc3 Qxc5 26. Kg1 Rd3 27. Rh5 Qe7 28. Qc4 Rhd8 29. Nxe4 Rd1+ 30. Kh2 Nd5 31. a5 a6 32. Nc5 Nf6 33. Rh4 R8d5 34. Na4 Kb8 35. Nb6 Rd8 36. Qb3 Nd5 37. Rxh7 Nxb6 38. axb6 e4 39. Qc3 Qf6 40.
Qc5 Qd6+ 41. Qxd6+ R1xd6 42. Rxg7 Rd2 43. Kg3 Rxb2 44.
Re7 Rxb6 45. g5 c5 46. Rxe4 Rg6 47. f4 b5 48. Kh4 Rh8+ 49. Kg4 Rhg8 50. Re5 c4 51.
Rc5 Kb7 52. e4 Kb6 53. Rd5 c3 54. e5 c2 0-1

[Event "*** Titled Tuesday Blitz"]
[Site "Chess.com"]
[Date "2020.10.27"]
[Round "9"]
[White "Joshukid"]
[Black "vladislavkovalev"]
[Result "0-1"]
[WhiteElo "2699"]
[BlackElo "2849"]
[TimeControl "180+1"]
[EndTime "11:46:11 PDT"]
[Termination "vladislavkovalev won on time"]

1. Nf3 Nf6 2. c4 g6 3. b3 Bg7 4. Bb2 O-O 5. g3 d6 6. d4 c5 7. Bg2 Ne4 8. O-O Nc6 9. Nbd2 Bf5 10. e3 Nxd2 11. Qxd2 Be4 12. d5 Bxb2 13. Qxb2 Na5 14. Ne1 Bxg2 15. Nxg2 a6 16. h4 e5 17. dxe6 fxe6 18.
Rad1 Nc6 19. Rd2 Qe7 20. f4 Rad8 21. Rfd1 e5 22. Rd3 exf4 23. exf4 Nd4 24. Re3 Qf6 25. Qf2 d5 26. cxd5 Rxd5 27. Rde1 Qf5 28. Re8 Qg4 29. Rxf8+ Kxf8 30. Rf1 Nf5 31. Ne3 Nxe3 32. Qxe3 Qd7 33.
Re1 Kf7 34. Qe4 Rd2 35. Qc4+ Qd5 36. Qxd5+ Rxd5 37. Re2 h5 38. Kf2 b5 39. Ke3 Kf6 40.
Ke4 Rd4+ 41. Kf3 Rd3+ 42. Ke4 Rd4+ 43. Kf3 c4 44. bxc4 Rxc4 45. Rd2 Ra4 46. Rc2 Ra3+ 47.
Ke4 Ra4+ 48. Kd5 Ra3 49. Ke4 Ra4+ 50. Kd5 Kf5 0-1

[Event "*** Titled Tuesday Blitz"]
[Site "Chess.com"]
[Date "2020.10.27"]
[Round "9"]
[White "Corre_por_tu_vida"]
[Black "MartinMatthiesen"]
[Result "1-0"]
[WhiteElo "2555"]
[BlackElo "2412"]
[TimeControl "180+1"]
[EndTime "11:46:11 PDT"]
[Termination "Corre_por_tu_vida won by resignation"]

1. e4 c5 2. Nf3 d6 3. d4 cxd4 4. Nxd4 Nf6 5. Nc3 a6 6. Rg1 g6 7.
g4 Bg7 8. h4 h5 9. gxh5 Nxh5 10.
Be2 Nc6 11. Nb3 Bxc3+ 12. bxc3 Nf6 13. f3 Rxh4 14. Bg5 Rh2 15. Qd2 Ne5 16. Qf4 Rh7 17. O-O-O Be6 18. Bxf6 exf6 19. Rh1 Rxh1 20. Rxh1 Ke7 21.
Rh7 Qc7 22. Qe3 Rc8 23. f4 Nc4 24. Qd4 Na3 25. Kb2 Nc4+ 26. Kc1 a5 27. f5 gxf5 28. exf5 Bd7 29. Qd5 Ne5 30. Bh5 Be8 31. Qe6+ Kd8 32. Qxf6+ Qe7 33. Qxe7+ Kxe7 34. Nxa5 Rxc3 35. Nxb7 Rh3 36.
a4 Bxa4 37. Rh6 Rh2 38. Nxd6 f6 39. Ne4 Bxc2 40. Rh7+ Kd8 41. Nc5 Bxf5 42. Rh8+ Kc7 43. Kd1 Bc2+ 44. Ke1 Nd3+ 45. Nxd3 Bxd3 46. Rh6 Bg6 47.
Rxg6 Rxh5 48. Rxf6 Re5+ 49. Kf2 Kd7 50. Kf3 Re6 51.
Rf4 Rf6 52. Rxf6 1-0

[Event "*** Titled Tuesday Blitz"]
[Site "Chess.com"]
[Date "2020.10.27"]
[Round "9"]
[White "WPWPWP-2015"]
[Black "ftorodent"]
[Result "0-1"]
[WhiteElo "2487"]
[BlackElo "2672"]
[TimeControl "180+1"]
[EndTime "11:46:12 PDT"]
[Termination "ftorodent won by checkmate"]

1. e4 c5 2. Nf3 e6 3. b3 b6 4. Bb2 Bb7 5. Nc3 Nf6 6. Qe2 d6 7. O-O-O e5 8. h3 Nc6 9. Qe3 Be7 10. Bc4 Nd4 11. d3 O-O 12. Nd5 b5 13. Nxf6+ Bxf6 14. Bd5 Bxd5 15. exd5 Qa5 16. Kb1 Nxf3 17.
Qxf3 c4 18. dxc4 bxc4 19. Qc3 Qc7 20. Qxc4 Qxc4 21. bxc4 Rfc8 22. Rd3 Rxc4 23. Rb3 Rac8 24. c3 e4 25. Rc1 Be5 26. Rb4 a5 27. Rxc4 Rxc4 28.
Kc2 a4 29. Kb1 f5 30. Ba3 Kf7 31. Bb4 Kf6 32. a3 f4 33. Kc2 Kf5 34. Re1 Bd4 35. f3 Be5 36. fxe4+ Rxe4 37. Rxe4 Kxe4 38. Kd2 g5 39.
Ke2 h5 40. Kd2 g4 41. hxg4 hxg4 42. Ke2 g3 43. Ba5 Kxd5 44. Kd3 f3 45. gxf3 Kc6 46.
Bb6 Kxb6 47. f4 Bxf4 48. Ke4 Be5 49. Kf3 Kc5 50. c4 Kxc4 51. Kg2 Kb3 52. Kh3 Kxa3 53. Kg2 Kb3 54. Kh3 a3 55. Kg2 a2 56. Kh3 a1=Q 57. Kg2 Qb2+ 58. Kh3 Qf2 59. Kg4 g2 60. Kh3 Qg3# 0-1

[Event "*** Titled Tuesday Blitz"]
[Site "Chess.com"]
[Date "2020.10.27"]
[Round "9"]
[White "mr65"]
[Black "PlotnikovPavel"]
[Result "1/2-1/2"]
[WhiteElo "2197"]
[BlackElo "2335"]
[TimeControl "180+1"]
[EndTime "11:46:12 PDT"]
[Termination "Game drawn by repetition"]

1. e4 e6 2. d4 d5 3. Nc3 Bb4 4. e5 b6 5. a3 Bf8 6. Bb5+ c6 7.
Bd3 Ba6 8. Nf3 Qd7 9. O-O Be7 10. Bg5 h6 11. Bxe7 Nxe7 12. Nh4 g5 13. Nf3 Bxd3 14. Qxd3 Ng6 15. Ne2 Qb7 16. c3 Qa6 17. Qxa6 Nxa6 18. b4 Nc7 19. h3 Ke7 20. Rfb1 Rhc8 21.
a4 Ne8 22. a5 Ng7 23. Ng3 Nf4 24. Kf1 Ne8 25. Ne2 Nxe2 26. Kxe2 Nc7 27. Kd3 Nb5 28. Ra2 Nc7 29. Rba1 b5 30. Nh2 Rg8 31. Ng4 Rg6 32. Nf6 Ne8 33. Nxe8 Rxe8 34. Rf1 h5 35. f4 gxf4 36.
Rxf4 Reg8 37. Raf2 Rg3+ 38. Kd2 R8g7 39. Rf6 a6 40.
R6f4 Ke8 41. Rf6 h4 42. R6f4 Ke7 43. Rf6 Ke8 44. R6f4 Rxg2 45. Rxf7 Rxf2+ 46. Rxf2 Rg3 47. Rf6 Ke7 48. Rh6 Rxh3 49. Rh7+ Kf8 50. Rc7 Rh2+ 51. Ke3 Rc2 52. Rxc6 h3 53. Rxe6 Rxc3+ 54. Kf4 Kg7 55. Re7+ Kg6 56. Re8 Kg7 57. Re7+ Kg8 58. Re8+ Kh7 59.
Re7+ Kg6 60. Re6+ Kh7 61. Re7+ Kh8 62. Re8+ Kh7 63. Re7+ 1/2-1/2

[Event "*** Titled Tuesday Blitz"]
[Site "Chess.com"]
[Date "2020.10.27"]
[Round "9"]
[White "tlomigtlis"]
[Black "GMKrikor"]
[Result "1/2-1/2"]
[WhiteElo "2610"]
[BlackElo "2793"]
[TimeControl "180+1"]
[EndTime "11:46:14 PDT"]
[Termination "Game drawn by repetition"]

1. d4 Nf6 2. c4 g6 3. Nc3 d5 4. cxd5 Nxd5 5. e4 Nxc3 6. bxc3 Bg7 7. Nf3 c5 8. Rb1 O-O 9. Be2 Qc7 10. O-O b6 11. Be3 Bb7 12. e5 Nc6 13. Bf4 Rad8 14. Qa4 Na5 15. Rfd1 Bc6 16. Qc2 Bxf3 17. Bxf3 cxd4 18.
Bg3 Bxe5 19. Bxe5 Qxe5 20. cxd4 Rxd4 21. Rxd4 Qxd4 22. Qc7 Qc4 23. Qxe7 Qxa2 24. Rd1 Nb3 25. Bd5 Qc2 26. Re1 Nc5 27. h4 a5 28. h5 Qf5 29.
Re5 Qf4 30. Rg5 Kg7 31. g3 Qd4 32. Kg2 a4 33. h6+ Kxh6 34. Qxf8+ Kxg5 35. Qxf7 Nd3 36. f4+ Kh6 37. Qf8+ Qg7 38. Qd8 Qb2+ 39. Kh3 Nf2+ 40.
Kh4 Kg7 41. Qg8+ Kh6 42. Qf8+ Qg7 43. Qd8 Qd4 44. Qg5+ Kg7 45. Qe7+ Kh6 46. Qf8+ Qg7 47. Qd8 Qd4 48. Qg5+ Kg7 49. Qe7+ Kh6 50. Qf8+ Qg7 1/2-1/2

[Event "*** Titled Tuesday Blitz"]
[Site "Chess.com"]
[Date "2020.10.27"]
[Round "9"]
[White "InitiatingASC"]
[Black "Ranindu2003"]
[Result "0-1"]
[WhiteElo "2407"]
[BlackElo "2550"]
[TimeControl "180+1"]
[EndTime "11:46:14 PDT"]
[Termination "Ranindu2003 won on time"]

1. d4 Nf6 2. c4 e6 3. Nc3 Bb4 4. e3 O-O 5. Bd3 c5 6. Ne2 d5 7. O-O cxd4 8. exd4 dxc4 9. Bxc4 b6 10. a3 Be7 11. Be3 Bb7 12. Qd2 Nbd7 13. Rad1 Rc8 14. Ba2 Bd6 15. d5 exd5 16. Nxd5 Be5 17. Nec3 Nc5 18.
Bg5 Bxd5 19. Nxd5 Nce4 20. Nxf6+ Nxf6 21. Qe2 Qc7 22. f4 Qc5+ 23. Kh1 Bd4 24. Rf3 Rfe8 25. Qd3 Ng4 26. Bh4 Bf6 27. Bg3 Rcd8 28. Qb3 Rxd1+ 29. Qxd1 Bxb2 30. Rf1 Nf6 31. Qb3 Qxa3 32. Qxf7+ Kh8 33. Bh4 Qf8 34. Bxf6 Bxf6 35. Qxf8+ Rxf8 36. g4 Rd8 37. Rf2 h6 38. Bc4 Rc8 39. Bd3 Bd4 40. Ra2 a5 41. Kg2 Rc3 42. Be2 Bc5 43. f5 Rb3 44. Rd2 Re3 0-1

[Event "*** Titled Tuesday Blitz"]
[Site "Chess.com"]
[Date "2020.10.27"]
[Round "9"]
[White "kidagent"]
[Black "ShahMatKanal"]
[Result "0-1"]
[WhiteElo "2296"]
[BlackElo "2452"]
[TimeControl "180+1"]
[EndTime "11:46:15 PDT"]
[Termination "ShahMatKanal won by checkmate"]

1. e4 c5 2. Nf3 Nc6 3. d4 cxd4 4. Nxd4 e5 5. Nb5 a6 6. Nd6+ Bxd6 7. Qxd6 Qf6 8. Qa3 Qg6 9. Nc3 Nge7 10. Be3 d5 11.
exd5 Nd4 12. Bxd4 exd4 13. Qa4+ b5 14. Qxd4 O-O 15. O-O-O Bf5 16. Bd3 Bxd3 17. Qxd3 Qxg2 18. d6 Ng6 19. Qg3 Qc6 20. Nd5 Rac8 21. c3 f5 22. Rhe1 f4 23. Qxg6 hxg6 24. Ne7+ Kf7 25. Nxc6 Rxc6 26.
Rd4 g5 27. Rd5 Rd8 28. Re7+ Kf6 29. Ra7 Rdxd6 30. Rxd6+ Rxd6 31. Rb7 g4 32. Rb8 f3 33. Rh8 g6 34. Kc2 Kg5 35. b3 Re6 36. Kd3 Re2 37.
h3 Rxf2 38. hxg4 Kxg4 39. Ke3 Re2+ 40. Kd3 Rxa2 41. Rf8 g5 42. c4 bxc4+ 43. Kxc4 Kg3 44. Kc3 f2 45. Rf5 g4 46. Kb4 a5+ 47. Kb5 Ra3 48.
Kc4 a4 49. b4 Rf3 50. Rxf3+ gxf3 51. b5 f1=Q+ 52. Kb4 Qa1 53. b6 a3 54. Ka5 Qb2 55. b7 a2 56. b8=Q+ Qxb8 57. Ka6 f2 58. Ka5 f1=Q 59.
Ka4 Qc4+ 60. Ka3 a1=Q# 0-1

[Event "*** Titled Tuesday Blitz"]
[Site "Chess.com"]
[Date "2020.10.27"]
[Round "9"]
[White "Ajedrez_con_German"]
[Black "Chessmatus"]
[Result "1-0"]
[WhiteElo "2546"]
[BlackElo "2403"]
[TimeControl "180+1"]
[EndTime "11:46:20 PDT"]
[Termination "Ajedrez_con_German won on time"]

1. Nf3 Nf6 2. b3 g6 3. Bb2 Bg7 4. e3 O-O 5. Be2 d5 6. O-O b6 7. c4 c6 8. Nc3 Bb7 9. cxd5 cxd5 10. d4 Nc6 11. Rc1 Rc8 12. a3 e6 13. b4 Ne7 14.
Ne5 Nd7 15. Nxd7 Qxd7 16. Qa4 Qxa4 17. Nxa4 Nf5 18. Rxc8 Rxc8 19. Rc1 Nd6 20. Rxc8+ Bxc8 21. Kf1 Kf8 22. Ke1 Ke7 23. Nc3 Nc4 24. Bxc4 dxc4 25. b5 Bb7 26. f3 f5 27. a4 g5 28. Ba3+ Kd7 29. Ke2 h5 30. g3 g4 31. f4 Bf3+ 32. Kd2 Bf6 33. Bb4 h4 34. Ne2 h3 35. Ng1 Bg2 36. Kc2 Bf1 37. Kb2 Be7 38. Bxe7 Kxe7 39. Kc3 Kd6 40. Kd2 Kd5 41. Ke1 c3 42.
Kxf1 Kc4 43. Ke2 Kb3 44. Kd3 Kxa4 45. Kxc3 Kxb5 46. Ne2 a5 47. Nc1 Kc6 48. Nd3 Kd5 49. Kd2 b5 50. Nc5 a4 51. Kc3 e5 52. fxe5 a3 53.
Kb3 b4 54. e6 1-0

[Event "*** Titled Tuesday Blitz"]
[Site "Chess.com"]
[Date "2020.10.27"]
[Round "9"]
[White "gilbert_gm"]
[Black "bsnsun"]
[Result "1/2-1/2"]
[WhiteElo "2578"]
[BlackElo "2471"]
[TimeControl "180+1"]
[EndTime "11:46:21 PDT"]
[Termination "Game drawn by repetition"]

1. c4 e6 2. Nc3 d5 3. d4 dxc4 4.
e4 Bb4 5. Bxc4 Nf6 6. f3 c5 7. Ne2 cxd4 8. Qxd4 Qxd4 9. Nxd4 Nc6 10. Nxc6 bxc6 11.
Bd2 O-O 12. Na4 Be7 13. Be3 Rd8 14. Kf2 Bd7 15. Nc5 Be8 16. Rhd1 Rab8 17. b3 Rxd1 18. Rxd1 Rd8 19. Ke2 Kf8 20. Nb7 Rb8 21. Nd6 Nd7 22. Kf2 Nb6 23. Be2 Rd8 24. Nxe8 Rxd1 25. Bxd1 Kxe8 26.
Ke2 Bb4 27. Kd3 Kd7 28. f4 f5 29. Bf3 g6 30. h3 Be7 31. g4 Bb4 32. h4 fxe4+ 33.
Bxe4 Bf8 34. Bxb6 axb6 35. g5 Bd6 36. Ke3 c5 37. Kf3 Ke7 38. Kg4 Kf7 39. Bc6 Bc7 40. Bb5 Bd8 41. Bc4 Bc7 42. Bd3 Bd6 43. Bc2 Kg7 44. Be4 h5+ 45. Kf3 Kf7 46. Bb7 Bc7 47. Ke4 Bd6 48. Bc6 Bc7 49. Bb5 Bd6 50. Bc4 Bc7 51.
a4 Bd6 52. Bd3 Bc7 53. Bf1 Bd6 54. Bc4 Bc7 55. Bd3 Bd6 56. Bb5 Bc7 57. Ba6 Bd6 58. Bc4 Bc7 59. a5 bxa5 60. Bb5 Bd6 61. Bc4 Bc7 62.
Bb5 Bd6 63. Bc4 Bb8 64. Bb5 Bd6 1/2-1/2

[Event "*** Titled Tuesday Blitz"]
[Site "Chess.com"]
[Date "2020.10.27"]
[Round "9"]
[White "Triumphmate"]
[Black "xberli"]
[Result "0-1"]
[WhiteElo "2399"]
[BlackElo "2537"]
[TimeControl "180+1"]
[EndTime "11:46:21 PDT"]
[Termination "xberli won by resignation"]

1. e4 c5 2. Nf3 d6 3. d4 cxd4 4. Nxd4 Nf6 5. Nc3 a6 6. f4 e5 7. Nf3 Nbd7 8. Bd3 Be7 9. O-O O-O 10. Kh1 Nc5 11. Qe1 exf4 12. Bxf4 Bg4 13. Qg3 Bh5 14.
Rae1 Bg6 15. Qh3 Ne6 16. Be3 Rc8 17. Nh4 b5 18. a3 Nd7 19. Nf5 Ne5 20. Nd5 Bg5 21.
Bxg5 Nxg5 22. Nfe7+ Kh8 23. Qg3 Ne6 24. Nxc8 Qxc8 25.
h4 Qd8 26. Ne3 Nc5 27. Nf5 Bxf5 28. Rxf5 Qe7 29. Ref1 Ne6 30. h5 f6 31. c3 Nc5 32.
Bc2 Nc4 33. Qh4 h6 34. b4 Nd7 35. a4 Ne3 36. axb5 axb5 37. Bd3 Nxf5 38. Rxf5 Ne5 39. Bxb5 Rc8 40. Qg3 Qb7 41. c4 Qxe4 42. Rf4 Qb1+ 43. Kh2 Qxb4 44. Ba6 Ra8 45. Bb5 Ra3 46.
Qh4 Qc5 47. Be8 Ra1 48. Rxf6 Qg1+ 49. Kg3 Qe1+ 50. Kh3 Qxh4+ 51. Kxh4 gxf6 52. g3 Kg7 53. Kh3 Rc1 54. Bb5 Rc3 55. Kg2 Nxc4 56. Bd7 Ne5 57. g4 Nxd7 0-1

[Event "*** Titled Tuesday Blitz"]
[Site "Chess.com"]
[Date "2020.10.27"]
[Round "9"]
[White "svilson23"]
[Black "chenxiaoyuer"]
[Result "0-1"]
[WhiteElo "2388"]
[BlackElo "2517"]
[TimeControl "180+1"]
[EndTime "11:46:21 PDT"]
[Termination "chenxiaoyuer won by resignation"]

1. e4 c5 2. Nf3 d6 3. Bb5+ Nd7 4. c3 Nf6 5. Qe2 a6 6. Ba4 e5 7. O-O Be7 8. d4 b5 9. Bc2 O-O 10. Rd1 Qc7 11. d5 c4 12. b3 cxb3 13. axb3 Bb7 14.
Bd2 Nc5 15. Na3 Rfc8 16. c4 Qb6 17. b4 Ncd7 18. Be3 Qc7 19. cxb5 axb5 20. Bd3 Qc3 21. Bd2 Qb3 22. Rdb1 Rxa3 23. Rxb3 Rxa1+ 24. Rb1 Ra2 25.
g3 Nb6 26. Bxb5 Rcc2 27. Bd3 Rc7 28. Qe1 Nfd7 29. Bb5 f5 30. Be3 fxe4 31. Bxb6 Nxb6 32. Qxe4 Bxd5 33. Qe3 Nc4 34. Qd3 Nb6 35. Rd1 e4 36.
Qb1 exf3 37. Rxd5 Rac2 38. Rd1 d5 39. Bd3 R2c3 40. Bf5 Kh8 41. Re1 g6 42. Bg4 Bf6 43. h4 h5 44. Re8+ Kg7 45. Be6 Rc1+ 46. Qxc1 Rxc1+ 47. Kh2 Bd4 48. Rb8 Kf6 49. Re8 Rc2 50.
Bh3 Rxf2+ 51. Kg1 Re2+ 52. Kf1 Rxe8 0-1

[Event "*** Titled Tuesday Blitz"]
[Site "Chess.com"]
[Date "2020.10.27"]
[Round "9"]
[White "Vandros57"]
[Black "ChronicUnhappiness"]
[Result "0-1"]
[WhiteElo "2212"]
[BlackElo "2376"]
[TimeControl "180+1"]
[EndTime "11:46:24 PDT"]
[Termination "ChronicUnhappiness won on time"]

1. d4 Nf6 2. Nf3 e6 3. c4 b6 4. g3 Ba6 5. Qc2 c5 6. Bg2 Bb7 7. O-O cxd4 8. Nxd4 Bxg2 9. Kxg2 Bc5 10.
Nf3 O-O 11. e3 Nc6 12. a3 Rc8 13. b4 Be7 14. Rd1 d5 15. cxd5 Nxb4 16. Qd2 Nbxd5 17. Bb2 Ne4 18. Qd3 f5 19. Nbd2 Nec3 20. Rdc1 Bf6 21. Nd4 Bxd4 22. Qxd4 Qf6 23. Nb3 Qxd4 24. Nxd4 Kf7 25.
Bxc3 Nxc3 26. a4 g6 27. Nb5 Nxb5 28. axb5 Rxc1 29. Rxc1 Re8 30. f4 Re7 31. Rc6 e5 32. Kf3 e4+ 33. Ke2 Rd7 34. Rc8 Ke7 35. Ra8 Kd6 36.
Rc8 Rc7 37. Re8 Rc2+ 38. Kf1 Rxh2 39. g4 Rc2 40. gxf5 gxf5 41. Rh8 Rc5 42. Rxh7 Rxb5 43. Rxa7 Kc5 44. Kf2 Kb4 45. Rf7 Rc5 46. Kg3 b5 47.
Kh4 Kc3 48. Kg5 b4 49. Rb7 b3 50. Kf6 b2 51. Ke6 Rc4 52. Kxf5 Rb4 53. Rc7+ Kd2 54. Rd7+ Ke2 0-1

[Event "*** Titled Tuesday Blitz"]
[Site "Chess.com"]
[Date "2020.10.27"]
[Round "9"]
[White "mbojan"]
[Black "Rytenko_V"]
[Result "1-0"]
[WhiteElo "2709"]
[BlackElo "2535"]
[TimeControl "180+1"]
[EndTime "11:46:25 PDT"]
[Termination "mbojan won on time"]

1. e4 e6 2. d4 d5 3. Nc3 Bb4 4. e5 Ne7 5. Bd2 b6 6. Qg4 O-O 7. Nf3 c5 8. h4 Kh8 9. h5 h6 10.
O-O-O Ba6 11. Bxa6 Nxa6 12. Qf4 f5 13. a3 Bxc3 14.
Bxc3 Rc8 15. Rh3 Qe8 16. Qd2 Nb8 17. Ng1 Nbc6 18. Ne2 cxd4 19. Bxd4 Nxd4 20. Qxd4 Rc4 21. Qd2 b5 22. b3 Rc7 23. Nf4 Qc6 24. Kb1 Rfc8 25.
Rc1 Qb6 26. Rg3 a5 27. Kb2 b4 28. a4 Rc3 29. Rd3 Qc6 30. Ne2 Qc7 31. Rxc3 bxc3+ 32. Qxc3 Qb7 33. Qe3 Nc6 34. Nd4 Qd7 35. Nxc6 Qxc6 36.
Qd4 Kg8 37. f3 Kf7 38. g4 fxg4 39. fxg4 Qc5 40. Qxc5 Rxc5 41. Rd1 d4 42. Rxd4 Rxe5 43. c3 Kf6 44. b4 axb4 45. cxb4 Kg5 46. a5 Rb5 47.
Kb3 Rb8 48. a6 e5 49. Re4 Kf6 50. Kc4 Rc8+ 51. Kb5 g6 52. hxg6 Rb8+ 53. Kc6 Rxb4 54. Rxb4 1-0

[Event "*** Titled Tuesday Blitz"]
[Site "Chess.com"]
[Date "2020.10.27"]
[Round "9"]
[White "anon481216"]
[Black "annamaja"]
[Result "1/2-1/2"]
[WhiteElo "2413"]
[BlackElo "2289"]
[TimeControl "180+1"]
[EndTime "11:46:25 PDT"]
[Termination "Game drawn by repetition"]

1. d4 d5 2. c4 c6 3. Nc3 Nf6 4. e3 e6 5. Nf3 Bd6 6. Bd3 O-O 7. e4 dxe4 8. Nxe4 Nxe4 9. Bxe4 h6 10. O-O Nd7 11.
Bc2 b6 12. b3 Bb7 13. Bb2 c5 14. dxc5 Bxc5 15. Qe2 Nf6 16. Rad1 Qe7 17. Ne5 Rad8 18.
Ng4 Nxg4 19. Qxg4 f5 20. Qg6 Rxd1 21. Rxd1 Qf7 22. Qg3 Be4 23. Qc3 Qg6 24. g3 Bc6 25. Re1 a5 26. Qe5 Re8 27. Qc7 Ba8 28. Bxf5 Qf7 29. Qxf7+ Kxf7 30. Be4 Bxe4 31. Rxe4 Rd8 32. Re2 Rd1+ 33. Kg2 g6 34. f4 h5 35. Be5 a4 36. h3 axb3 37. axb3 Rb1 38. Rb2 Rg1+ 39. Kf3 Rf1+ 40. Ke4 Re1+ 41. Kf3 Re3+ 42. Kg2 Rd3 43. b4 Be7 44. c5 bxc5 45. b5 c4 46. b6 c3 47.
Bxc3 Rxc3 48. b7 Bd6 49. b8=Q Bxb8 50. Rxb8 Kf6 51. Rb5 Rc2+ 52. Kf3 Rc3+ 53. Kf2 Rc2+ 54. Kf3 Rc3+ 55. Kf2 Rc2+ 56. Kf3 1/2-1/2

[Event "*** Titled Tuesday Blitz"]
[Site "Chess.com"]
[Date "2020.10.27"]
[Round "9"]
[White "scarabee43"]
[Black "Alexsur1981"]
[Result "0-1"]
[WhiteElo "2568"]
[BlackElo "2774"]
[TimeControl "180+1"]
[EndTime "11:46:27 PDT"]
[Termination "Alexsur1981 won by checkmate"]

1. Nf3 d5 2. e3 c6 3. c4 Nf6 4. Nc3 e6 5. b3 Nbd7 6. Bb2 Bd6 7. Be2 Qe7 8. d4 Ba3 9. Qc2 Bxb2 10. Qxb2 O-O 11. O-O b6 12. Rac1 Bb7 13. Rfd1 Rfd8 14. Qb1 c5 15. cxd5 Nxd5 16. Nxd5 Bxd5 17. e4 Bb7 18.
Bf1 Rac8 19. Re1 Nf6 20. dxc5 Rxc5 21. Rxc5 Qxc5 22. e5 Ng4 23. Qb2 Bxf3 24. gxf3 Nh6 25. Rc1 Qe7 26. f4 g6 27. Qe2 Nf5 28. Qf3 Kg7 29.
Bh3 Qa3 30. Rd1 Nh4 31. Qg4 h5 32. Qe2 Rxd1+ 33. Qxd1 Qxa2 34. Qd8 Qb1+ 35. Bf1 Nf5 36. Qf6+ Kg8 37. Qd8+ Kh7 38. Qd7 Kg7 39. Qxa7 Qxb3 40. Qa8 b5 41. Qd8 b4 42. Qf6+ Kg8 43. Bb5 Qd1+ 44.
Kg2 Qg4+ 45. Kf1 b3 46. Be8 Nh6 47. Qd8 Qxf4 48. Bxf7+ Kxf7 49. Qd7+ Kf8 50. Qd8+ Kg7 51. Qe7+ Nf7 52. Qxe6 b2 53. Qa2 Qc1+ 54. Kg2 b1=Q 55. Qxb1 Qxb1 56. e6 Qe4+ 57. f3 Qxe6 58. Kf2 Qh3 59. Ke2 Qxh2+ 60. Ke3 Qg3 61. Ke4 Ng5+ 62. Kd5 Qxf3+ 63. Kc5 Qe4 64. Kd6 Nf7+ 65. Kc5 Qd3 66. Kb6 Qc4 67. Ka5 Qb3 68. Ka6 g5 69. Ka7 g4 70.
Ka6 g3 71. Ka7 g2 72. Ka6 h4 73. Ka7 h3 74. Ka6 h2 75. Ka7 h1=Q 76. Ka6 Qhb1 77.
Ka7 g1=Q+ 78. Ka6 Qgc1 79. Ka7 Qcb2 80. Ka6 Ne5 81. Ka7 Nc4 82. Ka8 Ne3 83. Ka7 Nc2 84.
Ka8 Na1 85. Ka7 Kf6 86. Ka8 Ke5 87. Ka7 Kd4 88. Ka8 Qb4 89. Ka7 Kc3 90. Ka6 Kb3 91.
Ka7 Ka2 92. Ka8 Nb3 93. Ka7 Ka1 94. Ka6 Nc1 95. Ka7 Na2 96. Ka8 Q4a3# 0-1

[Event "*** Titled Tuesday Blitz"]
[Site "Chess.com"]
[Date "2020.10.27"]
[Round "9"]
[White "azikom"]
[Black "Unknown_IM"]
[Result "0-1"]
[WhiteElo "2546"]
[BlackElo "2340"]
[TimeControl "180+1"]
[EndTime "11:46:30 PDT"]
[Termination "Unknown_IM won on time"]

1. e4 d6 2. d4 Nf6 3. Nc3 e5 4.
dxe5 dxe5 5. Qxd8+ Kxd8 6. Bc4 Be6 7. Bxe6 fxe6 8. f3 Bd6 9. Nh3 Ke7 10. Nf2 Nbd7 11. Bd2 a6 12. O-O-O b5 13. Ne2 c5 14.
Be3 c4 15. Ng3 a5 16. Rhe1 a4 17. Kb1 Rhb8 18. Nf1 b4 19. Bc1 b3 20. Ne3 Bc5 21. Re2 a3 22. Nxc4 bxa2+ 23. Ka1 axb2+ 24. Bxb2 Ra4 25. Nxe5 Rxb2 26. Nc6+ Ke8 27. Kxb2 Ra6 28. Nd3 Rxc6 29. Nxc5 Nxc5 30. Kxa2 Na4 31. Kb3 Nc3 32. Red2 Nxd1 33. Rxd1 Ke7 34. Ra1 Nd7 35. Ra7 Kd6 36. g3 e5 37. c4 Rc7 38. Ra6+ Ke7 39. Kc3 Rb7 40. f4 Nc5 41. Ra5 Nxe4+ 42. Kd3 Nf2+ 43. Ke2 Rb2+ 44.
Kf3 e4+ 0-1

[Event "*** Titled Tuesday Blitz"]
[Site "Chess.com"]
[Date "2020.10.27"]
[Round "9"]
[White "shineatchess"]
[Black "kai_nov"]
[Result "0-1"]
[WhiteElo "2182"]
[BlackElo "2294"]
[TimeControl "180+1"]
[EndTime "11:46:31 PDT"]
[Termination "kai_nov won by resignation"]

1. e4 c5 2. Nf3 Nc6 3. Bb5 e5 4. Bxc6 dxc6 5. O-O f6 6. Nxe5 fxe5 7. Qh5+ Kd7 8. Qxe5 Qf6 9. Qg3 Qg6 10. Qd3+ Kc7 11. f4 Nf6 12. f5 Qg4 13. Nc3 Bd6 14. Qe3 Re8 15. d3 Bd7 16. Qf2 b6 17. Ne2 c4 18.
Bf4 Bxf4 19. Nxf4 Rad8 20. Rae1 cxd3 21. cxd3 Kb7 22. e5 Nd5 23. Nxd5 cxd5 24. d4 Bb5 25. Qf4 Qxf4 26. Rxf4 Bd3 27. Re3 Be4 28. g4 Rc8 29. Rf2 Rc1+ 30. Rf1 Rec8 31. h3 Rxf1+ 32. Kxf1 Rc1+ 33.
Kf2 Rc2+ 34. Kg3 Rxb2 35. f6 Rg2+ 36. Kf4 gxf6 37. exf6 Kc6 38. Ke5 Kd7 39. Rc3 Re2 40. g5 Bg6+ 41. Kf4 Re4+ 42. Kg3 Rxd4 43. h4 Rd3+ 44.
Rxd3 Bxd3 45. Kf4 Ke6 46. Ke3 Bg6 47. Kd4 b5 48. a3 a5 49. Kc5 Ke5 50. Kxb5 d4 51. Kxa5 d3 52. Kb4 d2 0-1